 Dungeon Crawl Stone Soup version 0.28.0-53-g5a82cb258f (webtiles) character file.

Game seed: 11318551781223904711

25 Gabide the Grasshopper (level 3, -3/28 HPs)
             Began as a Human Warper on June 12, 2022.
             Slain by Natasha (4 damage)
             ... on level 2 of the Dungeon.
             The game lasted 00:05:08 (1284 turns).

Gabide the Grasshopper (Human Warper)               Turns: 1284, Time: 00:05:09

Health: -3/28      AC:  3    Str: 11    XL:     3   Next: 17%
Magic:  4/6        EV: 11    Int: 15    God:
Gold:   32         SH:  0    Dex: 12    Spells: 4/6 levels left

rFire   . . .      SeeInvis .   a - +0 short sword
rCold   . . .      Faith    .   (no shield)
rNeg    . . .      Spirit   .   b - +0 leather armour
rPois   .          Reflect  .   (no helmet)
rElec   .          Harm     .   (no cloak)
rCorr   .          Rampage  .   (no gloves)
Will    .....                   (no boots)
Stlth   +.........              (no amulet)
HPRegen 0.09/turn               (no ring)
MPRegen 0.10/turn               (no ring)

@: on blink cooldown, slowed, studying Fire Magic, very slow
A: no striking features
a: no special abilities


You were on level 2 of the Dungeon.
You visited 1 branch of the dungeon, and saw 2 of its levels.

You collected 32 gold pieces.

Inventory:

Hand Weapons
 a - a +0 short sword (weapon)
Missiles
 d - 5 boomerangs of dispersal
 e - 29 stones (quivered)
Armour
 b - a +0 leather armour (worn)
 i - a +0 ring mail
Scrolls
 c - a scroll of blinking
 g - a scroll of teleportation
 j - a scroll of silence {unknown}
Potions
 h - a potion of curing


   Skills:
 + Level 2.3 Fighting
 - Level 2.0 Short Blades
 + Level 1.4 Throwing
 - Level 1.0 Armour
 + Level 2.3 Dodging
 + Level 2.2 Spellcasting
 + Level 3.2 Translocations


You had 4 spell levels left.
You knew the following spells:

 Your Spells              Type           Power      Damage    Failure   Level
a - Blink                 Tloc           22%        N/A       12%         2

Your spell library contained the following spells:

 Spells                   Type           Power      Damage    Failure   Level
 Gell's Gravitas          Tloc           11%        N/A       22%         3
 Lesser Beckoning         Tloc           11%        N/A       22%         3
 Teleport Other           Tloc           11%        N/A       22%         3
 Static Discharge         Conj/Air       1%         N/A       41%         2
 Olgreb's Toxic Radiance  Pois           1%         N/A       96%         4
 Manifold Assault         Tloc           11%        N/A       91%         5
 Lightning Bolt           Conj/Air       0%         1d11      100%        5
 Ozocubu's Refrigeration  Ice            0%         4d5       100%        7
 Ignition                 Fire           0%         3d3       100%        8
 Maxwell's Capacitive Co  Air            0%         ∞         100%        8


Dungeon Overview and Level Annotations

Branches:
Dungeon (2/15)

Altars:

Annotations:
D:2 Natasha


Message History

Natasha is moderately wounded.
Natasha barely misses you. Natasha casts a spell at you.
You feel as though you will be slow longer.
You closely miss Natasha.
Natasha is lightly wounded.
Natasha claws you.
You barely miss Natasha.
Natasha is lightly wounded.
Natasha claws you. x2
You hit Natasha.
Natasha is moderately wounded.
Natasha wildly gestures.
You feel troubled. Natasha barely misses you.
You hit Natasha.
Natasha is moderately wounded.
Natasha claws you! Natasha casts a spell at you.
You feel as though you will be slow longer.
You hit Natasha.
Natasha is heavily wounded.
Natasha completely misses you.
You barely miss Natasha.
Natasha is heavily wounded.
Natasha claws you.
Natasha stares at you and mumbles some strange words.
You feel as though you will be slow longer.
You barely miss Natasha.
Natasha is heavily wounded.
Natasha barely misses you.
You hit Natasha.
Natasha is almost dead.
Natasha growls.
Natasha barely misses you. Natasha claws you!
* * * LOW HITPOINT WARNING * * *
Casting: Blink (safe; 12% risk of failure)
Confirm with . or Enter, or press ? or * to list all spells.
You blink.
Natasha claws you.
You die...

#......#.... ###..
#...<....#
#...####......###
##.#.##........####
####..#...............
........#...#.########
..............#
........h§.####
.......@#### ........#
....<...# ........#
........# ........#
#########


You could see Natasha.

Vanquished Creatures
  A dart slug (D:1)
  2 ball pythons (D:1)
  2 bats (D:1)
  2 endoplasms (D:1)
  A giant cockroach (D:1)
  2 goblins (D:1)
  3 hobgoblins (D:1)
  2 jackals (D:1)
  3 frilled lizards (D:1)
  2 rats (D:1)
20 creatures vanquished.

Notes
Turn   | Place    | Note
-------+----------+-------------------------------------------
     0 | D:1      | Gabide the Human Warper began the quest for the Orb.
     0 | D:1      | Reached XP level 1. HP: 16/16 MP: 3/3
   179 | D:1      | Reached XP level 2. HP: 21/22 MP: 5/5
   637 | D:1      | Reached XP level 3. HP: 19/27 MP: 6/6
   640 | D:1      | Learned a level 2 spell: Blink
  1270 | D:2      | Noticed Natasha
  1283 | D:2      | HP: 1/28 [Natasha (8)]
  1284 | D:2      | Slain by Natasha

Illustrated notes

Levels and vault maps discovered:
D:1:      elethiomel_arrival_infinity_welcomes_careful_drivers, layout_basic,
          minmay_stone_trees_small, serial_park_tiny_pond, interstate_on_off
D:2:      layout_rooms, ebering_ecumenical_altar_abandoned, basic_altar,
          uniq_natasha

Action                   || total
-------------------------++-------
Melee: Short sword       ||    72
Throw: Stone             ||    40
 Cast: Blink             ||     1
  Use: Scroll            ||     2
Armor: Leather armour    ||    22
Dodge: Dodged            ||    39
